Map: [G8] Babylon

Players

Reynor - Winner!

  • Race: Zerg Zerg
  • Spawn Location: 11:00

Solar

  • Race: Zerg Zerg
  • Spawn Location: 5:00

Event: Gamers8 2023

VOD

Have the link to the VOD?

Description

Time

  • Played on: Aug. 4, 2023, 1:31 p.m.
  • Length: 8:24

All games in this series

Show
View Real Time Build Order
Export as new Build Order

Reynor Zerg - Winner!

Build Orders: Hatch First 

Get SALT Encoding   

  12  0:00  Drone  
  13  0:11  Overlord  
  13  0:16  Drone  
  14  0:30  Drone x2  
  16  0:48  Hatchery  
  15  0:51  Drone  
  15  0:55  Drone  
  17  0:58  Drone  
  18  1:09  Extractor  
  17  1:14  Spawning Pool  
  17  1:17  Drone  
  17  1:20  Drone  
  18  1:27  Drone  
  19  1:38  Drone  
  20  1:49  Drone  
  21  1:59  Overlord  
  21  2:00  Queen x2  
  25  2:01  Zergling x2  
  26  2:10  Metabolic Boost, Drone  
  26  2:12  Drone  
  28  2:21  Drone  
  28  2:22  Zergling x2  
  30  2:34  Hatchery  
  30  2:36  Drone  
  30  2:39  Drone  
  30  2:44  Drone  
  32  2:47  Baneling Nest  
  31  2:52  Drone  
  31  2:55  Overlord  
  31  2:57  Drone  
  32  3:04  Drone x2  
  34  3:09  Drone  
  35  3:14  Zergling x10  
  35  3:17  Zergling x2  
  41  3:23  Overlord  
  41  3:27  Queen  
  41  3:31  Baneling x2  
  41  3:33  Overlord  
  43  3:42  Drone x3  
  43  3:46  Baneling  
  43  3:47  Drone, Roach Warren  
  46  3:50  Drone  
  46  3:51  Drone  
  48  3:57  Drone x2  
  48  3:59  Drone x2  
  52  4:03  Overlord  
  52  4:08  Drone x2  
  52  4:09  Extractor  
  52  4:17  Drone  
  52  4:23  Drone  
  53  4:28  Roach x5  
  53  4:29  Roach  
  65  4:32  Roach  
  65  4:37  Drone  
  67  4:38  Overlord  
  67  4:39  Drone x2  
  67  4:41  Drone  
  67  4:43  Drone  
  71  4:47  Overlord  
  71  4:48  Drone x2  
  71  4:49  Overlord  
  73  4:54  Extractor  
  73  4:55  Drone  
  73  4:57  Overlord, Drone x2  
  73  4:58  Drone  
  76  5:00  Drone  
  76  5:04  Lair  
  76  5:05  Drone  
  78  5:08  Drone  
  79  5:16  Drone x3  
  79  5:17  Roach x2  
  79  5:18  Roach  
  79  5:20  Extractor  
  86  5:24  Drone x2  
  86  5:25  Evolution Chamber  
  86  5:27  Roach  
  86  5:28  Roach x2  
  93  5:30  Overlord  
  93  5:33  Roach  
  95  5:36  Roach x2  
  95  5:40  Baneling x4  
  95  5:42  Roach  
  101  5:46  Overlord  
  101  5:47  Roach x2, Zergling x2  
  106  5:54  Drone x5  
  106  5:56  Extractor, Overlord  
  110  6:00  Drone x2  
  110  6:01  Extractor, Drone  
  110  6:04  Overlord  
  111  6:05  Overlord  
  111  6:10  Spire, Drone  
  111  6:13  Drone  
  111  6:16  Drone  
  111  6:18  Zerg Missile Weapons Level 1  
  113  6:23  Drone  
  114  6:29  Glial Reconstitution  
  114  6:32  Roach x3  
  120  6:35  Overlord  
  120  6:37  Overlord  
  120  6:38  Roach x2  
  124  6:40  Hatchery  
  124  6:42  Drone  
  124  6:44  Roach x2  
  124  6:46  Overlord  
  128  6:50  Roach  
  128  6:51  Roach x2  
  128  6:53  Roach  
  135  7:00  Overlord  
  137  7:01  Roach x3  
  141  7:10  Overlord  
  141  7:14  Drone  
  142  7:16  Spine Crawler  
  142  7:20  Roach x2  
  145  7:25  Mutalisk x5  
  145  7:29  Mutalisk  
  156  7:31  Drone x6  
  156  7:33  Roach x2  
  156  7:36  Overlord  
  166  7:39  Roach  
  166  7:40  Ravager  
  166  7:42  Spine Crawler, Roach x2  
  172  7:47  Roach x2  
  172  7:50  Ravager  
  177  7:51  Overlord  
  177  7:53  Roach  
  177  7:57  Roach x3  
  185  8:00  Roach x2  
Show
View Real Time Build Order
Export as new Build Order

Solar Zerg 

Build Orders: Hatch First 

Get SALT Encoding   

  12  0:00  Drone  
  13  0:12  Overlord  
  13  0:17  Drone  
  14  0:31  Drone  
  14  0:32  Drone  
  16  0:49  Hatchery  
  15  0:51  Drone  
  15  0:55  Drone  
  17  0:59  Drone  
  18  1:09  Extractor  
  17  1:15  Spawning Pool  
  17  1:17  Drone  
  17  1:20  Drone  
  18  1:28  Drone  
  19  1:38  Drone  
  20  1:50  Drone  
  21  2:01  Queen x2  
  21  2:02  Zergling x2  
  21  2:03  Overlord  
  26  2:09  Metabolic Boost  
  26  2:12  Drone  
  26  2:14  Drone  
  28  2:22  Zergling x2  
  29  2:23  Drone  
  30  2:37  Hatchery  
  29  2:39  Drone  
  29  2:43  Drone  
  31  2:47  Overlord  
  31  2:53  Baneling Nest  
  31  2:55  Drone  
  31  2:57  Drone  
  32  3:00  Zergling x2  
  33  3:07  Drone  
  33  3:08  Drone  
  33  3:11  Zergling x4  
  33  3:12  Zergling x2  
  38  3:14  Drone  
  38  3:16  Drone  
  40  3:22  Queen  
  40  3:27  Overlord  
  42  3:29  Drone  
  42  3:32  Drone  
  44  3:36  Baneling  
  44  3:37  Baneling  
  44  3:39  Baneling  
  43  3:45  Zergling x4  
  43  3:46  Drone x4  
  49  3:50  Drone  
  49  3:52  Drone  
  49  3:55  Zergling x4  
  53  4:00  Overlord  
  53  4:02  Drone  
  54  4:12  Roach Warren  
  54  4:16  Extractor  
  49  4:17  Extractor  
  49  4:18  Zergling x4  
  49  4:19  Drone x5  
  49  4:23  Overlord  
  54  4:29  Overlord  
  54  4:32  Evolution Chamber  
  53  4:40  Overlord  
  53  4:44  Overlord  
  53  4:55  Roach  
  53  4:56  Roach x4  
  53  4:57  Roach x3  
  53  4:59  Roach  
  71  5:05  Roach x3  
  77  5:11  Roach x2  
  81  5:18  Lair  
  81  5:19  Drone x2  
  83  5:25  Drone  
  83  5:26  Drone x2  
  83  5:27  Zerg Missile Weapons Level 1  
  86  5:30  Drone  
  86  5:34  Overlord  
  87  5:36  Drone x2  
  87  5:38  Drone  
  87  5:39  Drone  
  87  5:41  Drone  
  92  5:43  Drone  
  92  5:47  Drone x3  
  96  5:52  Drone x2  
  96  5:54  Overlord  
  96  5:55  Drone x2  
  100  5:57  Drone  
  100  5:59  Drone x2  
  100  6:02  Extractor  
  100  6:03  Extractor  
  100  6:05  Drone  
  103  6:11  Drone x2  
  103  6:12  Overlord  
  103  6:16  Glial Reconstitution  
  103  6:17  Overseer  
  104  6:18  Roach x4  
  104  6:22  Overlord  
  110  6:32  Roach x2  
  114  6:35  Extractor  
  114  6:36  Roach x2  
  116  6:42  Roach x3, Hatchery  
  116  6:43  Roach  
  116  6:46  Roach x2  
  127  6:49  Overlord  
  127  6:53  Roach  
  129  6:56  Overlord x2  
  129  6:59  Overlord  
  129  7:04  Overlord  
  129  7:08  Roach x2  
  129  7:09  Roach x2  
  129  7:12  Overlord x2  
  137  7:17  Ravager x4  
  137  7:18  Roach x2  
  137  7:19  Roach x2  
  137  7:22  Ravager x2  
  151  7:25  Roach x2  
  151  7:27  Roach  
  151  7:28  Roach  
  159  7:32  Roach x3  
  159  7:35  Roach x2  
  169  7:37  Roach  
  169  7:42  Roach x3  
  177  7:49  Roach x4  
  177  7:51  Overlord  
  185  7:53  Ravager  
  185  7:54  Overlord  
  186  8:01  Roach x4  
Tags
 
Add a new tag
Caveats
  • Supply blocks, unpowered buildings, or Contaminate may cause inaccurate times.
  • Supply counts are checked every 10 seconds.